Map: Abyssal Reef LE

Players

dodo - Winner!

  • Race: Terran Terran
  • League: Platinum
  • Spawn Location: 11:00

Yata

  • Race: Zerg Zerg
  • League: Platinum
  • Spawn Location: 5:00

VOD

Have the link to the VOD?

Description

Time

  • Played on: Oct. 4, 2017, 10:52 p.m.
  • Length: 13:09
Show
View Real Time Build Order
Export as new Build Order

dodo Terran - Winner!

Build Orders: Mech 

Get SALT Encoding   

  12  0:01  SCV  
  13  0:13  SCV  
  14  0:22  Supply Depot  
  14  0:25  SCV  
  15  0:43  Refinery  
  15  0:44  SCV  
  15  0:45  Barracks  
  16  0:56  SCV  
  17  1:10  SCV  
  18  1:22  SCV  
  18  1:25  Refinery  
  19  1:28  Supply Depot  
  19  1:33  Marine  
  19  1:34  SCV  
  21  1:47  SCV  
  22  2:07  Orbital Command, Command Center  
  22  2:12  Marine  
  23  2:29  Factory  
  23  2:36  Barracks Reactor, SCV  
  24  2:48  SCV  
  25  3:00  SCV  
  26  3:14  Factory  
  26  3:23  Barracks Reactor  
  30  3:29  Cyclone x2  
  30  3:31  Orbital Command  
  30  3:52  SCV  
  30  3:54  Armory  
  31  4:00  SCV  
  32  4:04  SCV, Hellion  
  32  4:05  Hellion  
  32  4:07  Factory Tech Lab  
  37  4:13  SCV  
  37  4:15  Marine x2  
  37  4:16  SCV  
  41  4:25  SCV  
  41  4:28  SCV  
  41  4:29  Hellion  
  45  4:35  Supply Depot  
  45  4:36  Supply Depot  
  45  4:37  SCV  
  46  4:40  SCV  
  45  4:49  SCV  
  46  4:56  SCV  
  46  4:57  Hellion  
  49  5:01  SCV  
  49  5:03  Siege Tank  
  49  5:05  Hellion  
  55  5:08  SCV  
  55  5:13  SCV  
  57  5:21  SCV  
  58  5:26  Factory  
  58  5:29  Infernal Pre-Igniter  
  58  5:35  Hellion x2  
  62  5:38  Refinery  
  62  5:40  Refinery  
  62  5:45  Terran Vehicle Weapons Level 1  
  62  6:07  SCV x2  
  60  6:15  Hellion x3  
  51  6:19  SCV  
  51  6:24  SCV  
  53  6:31  SCV  
  54  6:36  Hellion  
  56  6:41  Command Center  
  56  6:46  Armory  
  56  6:50  Hellion x2  
  56  6:51  Hellion  
  62  6:55  Supply Depot  
  62  6:56  Supply Depot  
  62  7:02  Hellion x5  
  62  7:07  Supply Depot x2, Siege Tank  
  62  7:08  Hellion  
  67  7:11  Supply Depot  
  67  7:12  SCV x2  
  69  7:24  SCV x2  
  69  7:26  Hellion x2  
  69  7:27  Hellion  
  77  7:36  SCV x2  
  79  7:39  Siege Tank  
  81  7:48  Command Center  
  81  7:51  Hellion x4  
  89  8:12  Refinery  
  89  8:13  Refinery  
  89  8:15  Command Center  
  68  8:30  Hellion x4  
  67  8:38  Thor  
  73  8:43  Terran Vehicle Weapons Level 2  
  73  8:44  Supply Depot, Terran Vehicle And Ship Armor Level 1  
  73  8:45  Supply Depot  
  73  8:46  Supply Depot  
  73  8:53  Hellion x2  
  73  8:54  Hellion x2  
  80  9:15  Hellion  
  82  9:17  Factory  
  82  9:19  Factory  
  82  9:20  Factory  
  82  9:23  Factory  
  82  9:27  Orbital Command  
  82  9:30  Engineering Bay  
  82  9:36  Command Center  
  82  9:45  Hellion x4  
  90  9:49  SCV  
  91  9:54  SCV x2  
  93  10:02  SCV  
  93  10:05  Starport  
  93  10:06  Factory Reactor, SCV x2  
  93  10:07  Factory Reactor  
  96  10:08  Factory Tech Lab x2  
  96  10:10  Hellion x4  
  104  10:17  Thor  
  110  10:32  Hellion x2  
  110  10:33  Hellion x2  
  124  10:43  Starport Reactor  
  124  10:52  Planetary Fortress  
  128  10:57  Hellion x5  
  128  10:58  Hellion  
  128  11:00  Hellion  
  138  11:08  Hellion  
  138  11:10  Thor  
  140  11:12  Thor  
  146  11:20  Viking x2  
  114  11:30  Hellion x6  
  114  11:31  Hellion  
  107  11:55  Hellion x4  
  107  11:56  Hellion x3  
  107  11:57  Hellion  
  107  11:58  Thor  
  107  11:59  Thor  
  135  12:22  Hellion  
  127  12:23  Hellion x6  
  127  12:24  Hellion  
  137  12:35  Hellion  
  139  12:42  Hellion x2  
  133  12:46  Hellion x2  
  133  12:47  Hellion x5  
Show
View Real Time Build Order
Export as new Build Order

Yata Zerg 

Build Orders: Hatch First 

Get SALT Encoding   

  12  0:01  Drone  
  13  0:15  Overlord  
  13  0:18  Drone  
  14  0:33  Drone x2  
  16  0:37  Drone  
  17  0:56  Drone  
  18  0:58  Hatchery  
  18  1:02  Drone  
  18  1:10  Extractor  
  17  1:17  Spawning Pool  
  17  1:18  Drone  
  17  1:24  Drone  
  18  1:30  Drone  
  19  1:42  Overlord  
  19  2:05  Queen  
  21  2:08  Zergling x2  
  21  2:09  Zergling x2  
  21  2:13  Queen  
  21  2:14  Drone  
  26  2:16  Metabolic Boost  
  26  2:26  Drone x3  
  29  2:35  Baneling Nest  
  28  2:37  Drone  
  28  2:38  Evolution Chamber  
  28  2:39  Drone  
  29  2:47  Drone x2  
  31  2:53  Overlord  
  31  3:06  Drone x2  
  31  3:11  Pneumatized Carapace  
  31  3:12  Queen  
  33  3:15  Drone  
  36  3:31  Drone x6  
  36  3:32  Drone  
  43  3:45  Overlord  
  43  3:47  Overlord  
  42  4:02  Drone  
  43  4:07  Zergling x2  
  43  4:08  Zergling x10  
  49  4:16  Hatchery  
  48  4:19  Queen  
  48  4:20  Queen  
  48  4:22  Zerg Melee Weapons Level 1  
  52  4:27  Extractor, Drone x3  
  54  4:31  Drone  
  54  4:32  Extractor, Drone  
  55  4:42  Drone x3  
  57  5:07  Zergling x2  
  57  5:08  Zergling x4  
  57  5:10  Overlord x4  
  60  5:27  Baneling x4  
  60  5:28  Baneling x2  
  60  5:29  Zergling x6  
  60  5:30  Zergling x8  
  67  5:46  Drone x4  
  71  5:51  Zergling x2  
  65  6:14  Zergling x10  
  64  6:22  Zergling x2  
  64  6:25  Baneling x3  
  63  6:31  Drone  
  63  6:32  Drone x7  
  71  6:42  Lair  
  71  6:43  Zerg Missile Weapons Level 1  
  71  6:50  Queen  
  71  6:53  Zergling x2  
  76  6:54  Zergling x8  
  78  7:06  Zergling x12  
  78  7:07  Zergling x4  
  87  7:15  Zergling x4  
  87  7:16  Zergling x2  
  87  7:17  Overlord  
  87  7:18  Overlord  
  85  7:43  Zergling x4  
  85  7:44  Zergling x20  
  91  7:55  Baneling x3  
  91  7:56  Baneling x12  
  91  8:02  Centrifical Hooks  
  91  8:03  Hatchery  
  90  8:07  Hydralisk Den  
  90  8:09  Zergling x14  
  90  8:10  Zergling x4  
  82  8:28  Zergling x10  
  82  8:29  Zergling x10  
  89  8:36  Muscular Augments  
  89  8:38  Zerg Ground Armor Level 1  
  89  8:44  Drone x3, Evolution Chamber  
  91  8:49  Zergling x2, Hydralisk x5  
  102  8:57  Overlord x2  
  102  9:09  Zergling x20  
  105  9:23  Baneling x10  
  105  9:24  Baneling x3  
  105  9:33  Hydralisk x8  
  121  9:38  Zergling x2  
  121  9:39  Zergling x10  
  127  9:49  Zerg Missile Weapons Level 2  
  127  9:57  Extractor  
  126  10:01  Extractor, Drone  
  126  10:02  Drone  
  126  10:06  Overlord x5  
  127  10:23  Queen x3  
  127  10:26  Hydralisk x2  
  127  10:27  Hydralisk x4  
  145  10:34  Hydralisk  
  145  10:35  Hydralisk  
  149  10:47  Drone x2  
  149  10:48  Extractor, Drone  
  151  10:53  Hydralisk  
  151  10:54  Hydralisk x4  
  161  10:58  Overlord x4  
  161  11:11  Zergling x12  
  163  11:17  Drone x4  
  132  11:32  Zergling x2  
  113  11:33  Zergling x22  
  116  11:40  Hydralisk  
  116  11:41  Hydralisk x3  
  117  11:55  Zergling x2  
  117  11:56  Zergling x6  
  121  12:04  Zergling x2  
  121  12:05  Zergling x6  
  125  12:14  Baneling  
  125  12:15  Baneling x7  
  113  12:26  Zergling x2  
  113  12:27  Zergling x16  
  117  12:44  Zergling x16  
  95  12:52  Zergling x4  
Tags
 
Composition
Mech
Matchup
TvZ
Replay Pack
Pack 1
Spawn Locations
Cross Positions
Add a new tag
Caveats
  • Supply blocks, unpowered buildings, or Contaminate may cause inaccurate times.
  • Supply counts are checked every 10 seconds.